 Dungeon Crawl Stone Soup version 0.19.1 (webtiles) character file.

285 Ladykiller69 the Ruffian (level 6, -3/61 HPs)
             Began as a Troll Abyssal Knight on Nov 25, 2016.
             Was a Believer of Lugonu.
             Slain by a mummy (8 damage)
             ... in an ossuary.
             The game lasted 00:06:21 (2065 turns).

Ladykiller69 the Ruffian (Troll Abyssal Knight)     Turns: 2065, Time: 00:06:22

Health: -3/61      AC:  5    Str: 21    XL:     6   Next: 7%
Magic:  7/7        EV: 10    Int:  8    God:    Lugonu [**....]
Gold:   204        SH:  0    Dex: 11    Spells: 0 memorised, 5 levels left

rFire  . . .     SeeInvis .       - Unarmed
rCold  . . .     Gourm    +     a - +0 robe
rNeg   . . .     Faith    .     (no shield)
rPois  .         Spirit   .     (helmet restricted)
rElec  .         Reflect  .     (no cloak)
rCorr  .         Harm     .     (gloves unavailable)
MR     .....                    (boots unavailable)
Stlth  +.........               (no amulet)
                                (no ring)
                                (no ring)

@: no status effects
A: unfitting armour, claws 3, fast metabolism 3, gourmand, regeneration 1,
shaggy fur 1, tough skin 2
a: Depart the Abyss, Bend Space, Renounce Religion


You were in an ossuary.
You worshipped Lugonu.
Lugonu was pleased with you.
You were full.

You visited 1 branch of the dungeon, and saw 5 of its levels.
You visited the Abyss 1 time.
You also visited: Ossuary.

You collected 204 gold pieces.

Inventory:

Missiles
 c - 118 stones (quivered)
Armour
 a - a +0 robe (worn)
 v - a +1 hat
Magical Staves
 t - an uncursed staff of conjuration
Scrolls
 h - 4 scrolls of recharging
 i - a scroll of teleportation
 k - 2 scrolls of noise {unknown}
 m - 2 scrolls of amnesia {unknown}
 o - a scroll of enchant weapon {unknown}
 p - 2 scrolls of magic mapping {unknown}
 q - 2 scrolls of remove curse {unknown}
Potions
 d - a potion of curing
 f - a potion of cure mutation {unknown}
 g - 2 potions of might {unknown}
 j - a potion of agility {unknown}
 l - a potion of magic {unknown}
 s - 2 potions of brilliance {unknown}
Books
 n - a book of Maledictions

   Spells                             Type                      Level
   a - Corona                         Hexes                        1
   b - Ensorcelled Hibernation        Hexes/Ice                    2
   c - Confuse                        Hexes                        3
   d - Tukima's Dance                 Hexes                        3
   e - Dazzling Spray                 Conjuration/Hexes            3
Comestibles
 b - 4 bread rations
 r - a meat ration


   Skills:
 + Level 3.3 Fighting
 + Level 3.0 Dodging
 * Level 4.2 Unarmed Combat
 + Level 2.8 Invocations


You had 5 spell levels left.
You didn't know any spells.

Dungeon Overview and Level Annotations

Branches:
Dungeon (6/15)
 Temple: D:4-7

Altars:
Gozag
Nemelex Xobeh
Uskayaw
Yredelemnul

Annotations:
D:6 Pikel


Innate Abilities, Weirdness & Mutations

You are too large for most types of armour.
You have claws for hands.
Your metabolism is lightning-fast.
You like to eat raw meat.
Your natural rate of healing is unusually fast.
You are covered in fur. (AC +1)
You have very tough skin. (AC +2)


Message History

The orc zombie barely misses you.
You scratch the mummy.
The mummy is heavily damaged.
The mummy hits you.
* * * LOW HITPOINT WARNING * * *
The orc zombie barely misses you. The mummy hits you!
* * * LOW HITPOINT WARNING * * *
Unknown command.
It was a potion of curing.
You feel better.
The orc zombie hits you but does no damage.
The mummy barely misses you.
You scratch the mummy.
The mummy is severely damaged.
The mummy hits you!
* * * LOW HITPOINT WARNING * * *
The orc zombie closely misses you.
You feel better. The mummy hits you.
* * * LOW HITPOINT WARNING * * *
The mummy hits you!
You die...

#....#
#....#
#....#
#....#
#....#
#....#
#....#
#MZ..#
#@M∩.#
######


You could see 2 mummies and an orc zombie.

Vanquished Creatures
  A scorpion (D:3)
  A crimson imp (D:5)
  An iguana (D:5)
  A worker ant (D:5)
  2 mummies (Ossuary)
  A howler monkey skeleton (D:3)
  6 adders
  3 worms (D:2)
  A leopard gecko (D:2)
  An orc (D:6)
  2 bats
  3 giant cockroaches
  6 goblins
  7 hobgoblins
  3 jackals (D:5)
  2 ball pythons (D:2)
  2 frilled lizards
  A hobgoblin zombie (Ossuary)
  7 kobolds
  3 kobold zombies (Ossuary)
  A leopard gecko skeleton (D:5)
  3 orc zombies (Ossuary)
  2 rats
60 creatures vanquished.

Notes
Turn   | Place    | Note
-------+----------+-------------------------------------------
     0 | Abyss:1  | Ladykiller69 the Troll Abyssal Knight began the quest for the Orb.
     0 | Abyss:1  | Reached XP level 1. HP: 22/22 MP: 1/1
     6 | Abyss:1  | Found a stormy altar of Qazlal.
    13 | D:1      | Escaped the Abyss
   129 | D:1      | Reached XP level 2. HP: 29/29 MP: 2/2
   634 | D:2      | Reached XP level 3. HP: 36/36 MP: 3/3
   644 | D:2      | Reached ** piety under Lugonu
   839 | D:2      | Reached skill level 3 in Unarmed Combat
   847 | D:2      | Reached XP level 4. HP: 38/44 MP: 4/4
  1113 | D:3      | Reached XP level 5. HP: 13/53 MP: 5/5
  1126 | D:3      | HP: 2/53 [poisoned by a scorpion]
  1131 | D:2      | HP: 1/53 [poisoned by a scorpion]
  1138 | D:2      | HP: 2/53 [poisoned by a scorpion]
  1508 | D:3      | You fall through a shaft for 3 floors!
  1535 | D:6      | Noticed an orc warrior
  1556 | D:6      | Noticed a slave
  1557 | D:6      | Noticed Pikel
  1557 | D:6      | Noticed a slave
  1558 | D:6      | Noticed a slave
  1568 | D:6      | Found a sparkling altar of Nemelex Xobeh.
  1568 | D:6      | Noticed a sky beast
  1569 | D:6      | Noticed a sky beast
  1668 | D:5      | Entered Level 5 of the Dungeon
  1683 | D:5      | Found a basalt altar of Yredelemnul.
  1746 | D:5      | Found an opulent altar of Gozag.
  1802 | D:5      | Found a hide-covered altar of Uskayaw.
  1803 | D:5      | Noticed a dagger
  1803 | D:5      | Noticed an enchanted dagger
  1848 | D:5      | Reached skill level 4 in Unarmed Combat
  2008 | D:5      | Found a sand-covered staircase.
  2012 | Ossuary  | Entered an ossuary
  2047 | Ossuary  | Reached XP level 6. HP: 61/61 MP: 7/7
  2064 | Ossuary  | HP: 2/61 [mummy (16)]
  2065 | Ossuary  | Slain by a mummy

Skill      XL: |  1  2  3  4  5 |
---------------+----------------+-----
Dodging        | 2 3 |  3.0
Invocations    | 2 |  2.8
Unarmed Combat | 3 4 |  4.2
Fighting       | 3 |  3.3

Action                   |  1- 3 |  4- 6 || total
-------------------------+-------+-------++-------
Melee: Unarmed           |    93 |   114 ||   207
  Use: Scroll            |       |     2 ||     2
       Potion            |       |     2 ||     2
  Eat: Chunk             |    13 |     8 ||    21
Armor: Robe              |    26 |    36 ||    62
Dodge: Dodged            |    46 |    56 ||   102
